 Dungeon Crawl Stone Soup version 0.27.1-1-g398f81649c (webtiles) character file.

Game seed: 12141497566024225620

98851 Amplified the Warrior (level 15, -4/143 HPs)
             Began as a Palentonga Abyssal Knight on Sept 6, 2021.
             Was a High Priest of Lugonu.
             Slain by a deep elf sorcerer (12 damage)
             ... led by a deep elf high priest
             ... on level 1 of the Elven Halls.
             The game lasted 00:51:51 (39047 turns).

Amplified the Warrior (Palentonga Abyssal Knight)  Turns: 39047, Time: 00:51:52

Health: -4/143     AC: 13    Str: 19    XL:     15   Next: 76%
Magic:  31/31      EV: 10    Int: 12    God:    Lugonu [*****.]
Gold:   2140       SH:  8    Dex: 10    Spells: 10/14 levels left

rFire    + + .     SeeInvis +   I - +3 broad axe (flame)
rCold    . . .     Faith    +   b - +2 buckler {rF+}
rNeg     + . .     Spirit   .   t - +4 leather armour of the Harp {Harm rElec rF+ SInv}
rPois    .         Reflect  .   z - +2 hat {Will+}
rElec    +         Harm     +   D - +1 cloak
rCorr    .         Rampage  .   c - +0 pair of gloves of the Cricket {Will+ Regen+ MP+9 Int-3}
Will     ++++.                  (no barding)
Stlth    ..........             h - amulet of faith
HPRegen  1.33/turn              f - ring of positive energy
MPRegen  0.22/turn              R - ring of willpower

@: silenced, corroded, curled up
A: large, rugged brown scales 3, see invisible, deformed body, roll 2, armoured
tail, reflexive curl, claws 1, passive freeze
a: Rolling Charge, Renounce Religion


You were on level 1 of the Elven Halls.
You worshipped Lugonu.
Lugonu was extremely pleased with you.
You visited 5 branches of the dungeon, and saw 25 of its levels.
You visited the Abyss 2 times.
You also visited: Sewer and Volcano.

You collected 3642 gold pieces.
You spent 1502 gold pieces at shops.

Inventory:

Hand Weapons
 I - a +3 broad axe of flaming (weapon)
 V - a +5 demon trident of electrocution
Missiles
 d - 147 poisoned darts
 l - 16 boomerangs of dispersal
 r - 7 throwing nets (quivered)
Armour
 b - a +2 buckler of fire resistance (worn)
 c - the +0 pair of gloves of the Cricket (worn) {Will+ Regen+ MP+9 Int-3}
   (You bought it in a shop on level 2 of the Orcish Mines)

   Int:       It affects your intelligence (-3).
   MP:        It affects your magic capacity (+9).
   Regen:     It increases your rate of health regeneration.
   Will:      It increases your willpower.
 e - a +2 robe of cold resistance
 t - the +4 leather armour of the Harp (worn) {Harm rElec rF+ SInv}
   (You found it on level 7 of the Dungeon)

   rF:        It protects you from fire.
   rElec:     It insulates you from electricity.
   SInv:      It lets you see invisible.
   Harm:      It increases damage dealt and taken.
 v - +0 acid dragon scales
 z - a +2 hat of willpower (worn)
 A - a +2 pair of gloves
 D - a +1 cloak (worn)
 K - a +2 scale mail of fire resistance
Jewellery
 a - a ring of flight
 f - a ring of positive energy (left hand)
 h - an amulet of faith (around neck)
 i - a ring of fire
 w - a ring of ice
 J - a ring of protection from fire
 M - a ring of wizardry
 P - an amulet of magic regeneration
 R - a ring of willpower (right hand)
Wands
 g - a wand of digging (4)
 u - a wand of acid (9)
 B - a wand of polymorph (5)
 F - a wand of flame (48)
 L - a wand of charming (7)
 S - a wand of mindburst (6)
 T - a wand of paralysis (6)
Scrolls
 k - 13 scrolls of identify
 o - 2 scrolls of amnesia
 p - 2 scrolls of fear
 q - a scroll of summoning
 C - 2 scrolls of brand weapon
 E - 2 scrolls of teleportation
 Q - 3 scrolls of fog
 U - a scroll of immolation
Potions
 j - 6 potions of brilliance
 m - 3 potions of attraction
 n - 5 potions of flight
 s - 5 potions of mutation
 x - a potion of might
 G - a potion of haste
 H - 5 potions of magic
 O - 2 potions of cancellation


   Skills:
 * Level 17.0 Fighting
 * Level 10.2(12.6) Axes
 - Level 11.4(12.8) Maces & Flails
 - Level 3.9(7.2) Polearms
 - Level 5.3 Armour
 - Level 5.1 Dodging
 - Level 9.2 Shields
 * Level 0.2 Spellcasting
 * Level 0.2 Air Magic
 - Level 10.3 Invocations


You had 10 spell levels left.
You knew the following spells:

 Your Spells              Type           Power      Damage    Failure   Level
a - Airstrike             Air            0%         N/A       98%         4

Your spell library contained the following spells:

 Spells                   Type           Power      Damage    Failure   Level
 Animate Skeleton         Necr           0%         N/A       36%         1
 Apportation              Tloc           0%         N/A       36%         1
 Corona                   Hex            0%         N/A       36%         1
 Foxfire                  Conj/Fire      0%         2x1d4     36%         1
 Magic Dart               Conj           0%         1d3       36%         1
 Summon Small Mammal      Summ           0%         N/A       36%         1
 Call Imp                 Summ           0%         N/A       50%         2
 Sublimation of Blood     Necr           0%         N/A       50%         2
 Wereblood                Tmut           0%         N/A       50%         2
 Mephitic Cloud           Conj/Pois/Air  0%         N/A       73%         3
 Conjure Flame            Conj/Fire      0%         6-21      75%         3
 Inner Flame              Hex/Fire       0%         N/A       75%         3
 Stone Arrow              Conj/Erth      0%         3d7       75%         3
 Animate Armour           Summ/Erth      0%         N/A       98%         4
 Animate Dead             Necr           0%         N/A       98%         4
 Dispel Undead            Necr           0%         3d6       98%         4
 Petrify                  Tmut/Erth      0%         N/A       98%         4
 Summon Lightning Spire   Summ/Air       0%         N/A       98%         4
 Agony                    Necr           0%         N/A       100%        5
 Blade Hands              Tmut           0%         N/A       100%        5
 Excruciating Wounds      Necr           0%         N/A       100%        5
 Irradiate                Conj/Tmut      0%         3d13      100%        5
 Lightning Bolt           Conj/Air       0%         1d11      100%        5
 Iron Shot                Conj/Erth      0%         9d1       100%        6
 Dragon Form              Tmut           0%         N/A       100%        7
 Haunt                    Necr/Summ      0%         N/A       100%        7
 Summon Hydra             Summ           0%         N/A       100%        7
 Infestation              Necr           0%         N/A       100%        8
 Lehudib's Crystal Spear  Conj/Erth      0%         10d2      100%        8


Dungeon Overview and Level Annotations

Branches:
Dungeon (15/15)            Temple (0/1) D:7            Lair (6/6) D:10
 Shoals (0/4) Lair:4       Spider (0/4) Lair:4        Slime (0/5) Lair:5
    Orc (2/2) D:9             Elf (1/3) Orc:2        Vaults (0/5) D:13
   Hell (visited)           Sewer (visited)         Volcano (visited)
 Depths: D:15           Dis: Hell:1         Geh: Hell:1         Coc: Hell:1
    Tar: Hell:1

Altars:
Elyvilon
Fedhas
Gozag
Makhleb
Nemelex Xobeh
Qazlal
Ru
Sif Muna
Trog
Uskayaw
Wu Jian
Yredelemnul
Zin
The Shining One

Shops:
D:2 [([[   D:6 [   D:9 ([   Orc:2 *[:?(

Portals:
Hell: Lair:6

Annotations:
D:2 Terence
Hell Geryon


Innate Abilities, Weirdness & Mutations

You are completely covered in rugged brown scales. (AC +3, +7% HP)
You have supernaturally acute eyesight. (SInv)
Armour fits poorly on your strangely shaped body.
You can roll at foes to attack.
You have a long armoured tail.
You curl defensively after being hit.
You have sharp fingernails.
A frigid envelope surrounds you and freezes all who hurt you.


Message History

The deep elf knight gestures wildly while chanting.
The deep elf knight seems to speed up.
You start resting.
A deep elf sorcerer is nearby!
You hit the deep elf sorcerer. You burn the deep elf sorcerer.
Your tail-slap misses the deep elf sorcerer.
The deep elf sorcerer is lightly wounded.
A deep elf knight comes into view. It is wielding a +0 short sword.
The deep elf sorcerer gestures at you while chanting.
The bolt of acid hits you!! The acid corrodes you!
You are splashed with acid!
Unknown command.
You hit the deep elf sorcerer. You burn the deep elf sorcerer.
The deep elf sorcerer is moderately wounded.
Unknown command.
Unknown command.
The deep elf knight gestures at you while chanting.
The shard of ice hits you!!!
* * * LOW HITPOINT WARNING * * *
You block the deep elf sorcerer's attack.
The deep elf knight mumbles some strange words.
The deep elf knight flickers and vanishes for a moment.
Unknown command.
As you read the scroll of fear, it crumbles to dust.
You assume a fearsome visage.
The deep elf high priest resists with almost no effort.
The deep elf knight easily resists.
The deep elf sorcerer resists with almost no effort.
The deep elf sorcerer gestures wildly while chanting.
The deep elf sorcerer seems to speed up.
Unknown command.
Okay, then.
Okay, then.
Okay, then.
Okay, then.
Okay, then.
Unknown command.
As you read the scroll of silence, it crumbles to dust.
A profound silence engulfs you.
The deep elf sorcerer hits you with a +0 long sword!
You die...

≈≈# ##.##
#........# ≈8#
##.## ........#
#. ### ##.##
#....# #.# ##.##
#..# #.# ##.##
#..# #.# . ##.##
##.# #.# ##.##
#)###.#
##.###.##.##
##@###....##
#.#####e#......#
.....e.ee......#
#.#.####e......#
#.##....##
#$.####.### #..
##.# ee## #.#


ee# #.# You could see a deep elf annihilator (empowered), a deep elf sorcerer
(fast, empowered), a deep elf knight (fast, empowered, invisible) and a deep elf
high priest (brilliance aura).

Vanquished Creatures
  A tentacled starspawn (Abyss:1)
  The ghost of Destapler the Fighter, a journeyman PaBe of Trog (Lair:2)
  The ghost of knorpule3000 the Fighter, a journeyman TeWn of Okawaru (Lair:6)
  The ghost of sand the Cleaver, a journeyman HOFi of Nemelex Xobeh (Orc:1)
  10 hydras
  A rakshasa (D:14)
  A death knight (D:14)
  A boulder beetle (D:15)
  A centaur warrior (D:13)
  6 two-headed ogres
  A dancing weapon (Elf:1)
  A death yak (Lair:6)
  An orc high priest (Orc:2)
  A tengu warrior (D:14)
  A sun demon (Lair:6)
  A wizard (Lair:6)
  Pikel (D:4)
  2 orc knights
  3 oklob plants (Lair:5)
  18 ugly things
  11 deep elf pyromancers
  5 orc sorcerers
  5 cyclopes
  A wolf spider (Lair:4)
  2 manticores
  A moth of wrath (Orc:1)
  A large abomination (Abyss:1)
  13 elephants
  2 torpor snails
  A guardian serpent (shapeshifter) (D:14)
  7 black mambas
  3 orange demons (Lair:6)
  A cane toad (shapeshifter) (D:14)
  A gargoyle (D:14)
  An ice devil (Lair:6)
  7 rime drakes
  18 cane toads
  2 unseen horrors
  A hellwing (Lair:6)
  A kobold demonologist (D:10)
  12 komodo dragons
  11 trolls
  5 polar bears
  A meliai (D:15)
  A red devil (Lair:6)
  Prince Ribbit (Lair:1)
  A hornet (D:9)
  24 blink frogs
  Sigmund (D:4)
  An air elemental (Elf:1)
  3 redbacks (Lair:4)
  A shadow (D:7)
  3 water elementals
  A wraith (D:12)
  58 yaks
  2 vampires
  A human (shapeshifter) (D:15)
  6 wyverns
  2 basilisks
  3 fire elementals (Volcano)
  2 steam dragons
  8 vampire mosquitoes
  Edmund (D:6)
  4 wargs
  5 acid dragons
  20 water moccasins
  10 hell hounds
  Duvessa (D:4)
  4 black bears
  23 orc warriors
  2 ice beasts (D:6)
  A sky beast (D:5)
  3 wolves
  5 ogres
  3 boggarts (D:12)
  7 centaurs
  4 lemures
  2 kobold brigands (D:6)
  5 gnoll sergeants
  14 bullfrogs
  A wyvern zombie (D:7)
  2 scorpions
  Dowan (D:4)
  2 water moccasin skeletons
  3 killer bees (D:9)
  2 howler monkeys
  A crimson imp (Abyss:1)
  A bullfrog zombie (D:5)
  3 centaur zombies
  A jelly (D:7)
  2 centaur skeletons (D:6)
  28 orc priests
  A bullfrog skeleton (D:5)
  2 gnoll shamans (D:6)
  6 hounds
  2 iguanas (D:6)
  33 orc wizards
  A killer bee zombie (D:6)
  A howler monkey zombie (D:8)
  Robin (D:2)
  13 adders
  35 gnolls
  A howler monkey skeleton (D:7)
  3 river rats (D:6)
  A shadow imp (D:5)
  2 white imps
  An ufetubus (D:4)
  2 adder skeletons (D:4)
  6 dart slugs
  8 worms
  47 orcs
  11 endoplasms
  8 giant cockroaches
  18 goblins
  10 hobgoblins
  16 jackals
  A quokka (D:1)
  14 ball pythons
  12 bats
  8 frilled lizards
  11 kobolds
  9 rats
731 creatures vanquished.

Vanquished Creatures (collateral kills)
  A boulder beetle (D:12)
  A deep elf archer (Volcano)
2 creatures vanquished.

Vanquished Creatures (others)
  A blink frog (Abyss:1)
  An orc priest (Orc:2)
  67 fungi
  67 plants
  5 starspawn tentacles (Abyss:1)
141 creatures vanquished.

Grand Total: 874 creatures vanquished

Notes
Turn   | Place    | Note
-------+----------+-------------------------------------------
     0 | Abyss:1  | Amplified the Palentonga Abyssal Knight began the quest for
                  | the Orb.
     0 | Abyss:1  | Reached XP level 1. HP: 19/19 MP: 2/2
    41 | Abyss:1  | Found a corrupted altar of Lugonu.
   149 | Abyss:1  | Noticed a starcursed mass
   150 | D:1      | Escaped the Abyss
   528 | D:1      | Reached * piety under Lugonu
   616 | D:1      | Reached skill level 1 in Dodging
   616 | D:1      | Reached XP level 2. HP: 25/25 MP: 3/3
  1042 | D:1      | Reached XP level 3. HP: 31/31 MP: 4/4
  1502 | D:2      | Found Nouwer's Antique Armour Boutique.
  1549 | D:2      | Noticed Robin
  1733 | D:2      | Found Atwid's Armour Shop.
  1749 | D:2      | Found Ziorgh's Antique Armour Shop.
  1756 | D:2      | Reached ** piety under Lugonu
  1758 | D:2      | Noticed Terence
  1928 | D:2      | Reached XP level 4. HP: 37/39 MP: 4/6
  1960 | D:2      | Found Kutexzij's Weapon Boutique.
  1995 | D:2      | Found a faded altar of an unknown god.
  2068 | D:2      | Reached skill level 4 in Fighting
  2109 | D:2      | Killed Robin
  2467 | D:3      | Noticed a centaur
  2474 | D:3      | Killed a centaur
  2475 | D:3      | Reached XP level 5. HP: 20/46 MP: 7/7
  2958 | D:3      | Reached XP level 6. HP: 50/53 MP: 8/8
  3579 | D:3      | Found an ornate altar of the Wu Jian Council.
  3755 | D:4      | Noticed Pikel
  4678 | D:5      | Entered Level 5 of the Dungeon
  4724 | D:5      | Reached skill level 5 in Fighting
  4990 | D:5      | Reached *** piety under Lugonu
  5003 | D:5      | Noticed an ice beast
  5017 | D:4      | Noticed Sigmund
  5036 | D:5      | HP: 2/54 [ice beast (9)]
  5094 | D:4      | Found an opulent altar of Gozag.
  5494 | D:4      | Noticed Dowan
  5494 | D:4      | Noticed Duvessa
  5519 | D:4      | Killed Duvessa
  5520 | D:4      | Reached skill level 5 in Axes
  5520 | D:4      | Gained mutation: You curl defensively after being hit.
                  | [Palentonga growth]
  5520 | D:4      | Reached XP level 7. HP: 59/59 MP: 8/10
  5541 | D:4      | Killed Dowan
  5703 | D:4      | Killed Sigmund
  5704 | D:4      | Reached skill level 6 in Fighting
  5763 | D:4      | Killed Pikel
  5764 | D:4      | Reached skill level 7 in Fighting
  5764 | D:4      | Reached skill level 5 in Invocations
  5764 | D:4      | Reached XP level 8. HP: 23/71 MP: 11/11
  6183 | D:4      | Found a sacrificial altar of Ru.
  6313 | D:5      | Reached skill level 1 in Maces & Flails
  7174 | D:6      | Reached skill level 8 in Fighting
  7179 | D:6      | Reached XP level 9. HP: 67/79 MP: 13/13
  7279 | D:6      | Reached **** piety under Lugonu
  7491 | D:6      | Found a glowing drain.
  7505 | Sewer    | Entered a sewer
  8338 | D:6      | Gained mutation: You have a pair of small antennae on your
                  | head. [potion of mutation]
  8396 | D:5      | Reached ***** piety under Lugonu
  8546 | D:2      | Bought an ichor-stained tower shield for 228 gold pieces
  8546 | D:2      | Identified the +0 tower shield of the Devil's Advocate
                  | {+Inv rPois Str+6 Slay-3} (You bought it in a shop on level
                  | 2 of the Dungeon)
  8854 | D:6      | Reached skill level 5 in Maces & Flails
  9319 | D:6      | Reached skill level 9 in Fighting
 10007 | D:6      | Noticed Edmund
 10027 | D:6      | Killed Edmund
 10888 | D:6      | Reached XP level 10. HP: 88/88 MP: 15/15
 10989 | D:6      | Found Idaefik's Antique Armour Boutique.
 11143 | D:7      | Identified the +4 leather armour of the Harp {Harm rElec
                  | rF+ SInv}
 11228 | D:7      | Lost mutation: You have a pair of small antennae on your
                  | head. [potion of mutation]
 11228 | D:7      | Gained mutation: You can roll at foes to attack. [potion of
                  | mutation]
 11228 | D:7      | Gained mutation: A frigid envelope surrounds you and
                  | freezes all who hurt you. [potion of mutation]
 11228 | D:7      | Gained mutation: You have sharp fingernails. [potion of
                  | mutation]
 11570 | D:7      | Found a basalt altar of Yredelemnul.
 11579 | D:7      | Found a glowing silver altar of Zin.
 11599 | D:7      | Found a staircase to the Ecumenical Temple.
 11691 | D:7      | Found a shimmering blue altar of Sif Muna.
 11967 | D:7      | Found a sparkling altar of Nemelex Xobeh.
 12146 | D:8      | Found a hide-covered altar of Uskayaw.
 12155 | D:8      | Noticed a cyclops
 12166 | D:8      | Killed a cyclops
 12167 | D:8      | Reached skill level 10 in Fighting
 12191 | D:8      | Found a white marble altar of Elyvilon.
 12942 | D:2      | Bought a pair of gloves for 108 gold pieces
 13200 | D:9      | Found Iwuck's Weapon Emporium.
 13201 | D:9      | Found a staircase to the Orcish Mines.
 13225 | D:9      | Found Waeg's Armour Emporium.
 13246 | D:9      | Bought a +0 kite shield for 58 gold pieces
 13284 | D:9      | Bought a +1 cloak for 149 gold pieces
 13314 | D:9      | Paralysed by a hornet for 1 turns
 13407 | D:9      | Reached skill level 1 in Shields
 13759 | D:9      | Found a blossoming altar of Fedhas.
 13761 | D:9      | Found a stormy altar of Qazlal.
 13851 | D:9      | Noticed a deep elf pyromancer
 13860 | D:9      | Killed a deep elf pyromancer
 14210 | D:10     | Entered Level 10 of the Dungeon
 14306 | D:10     | Reached skill level 11 in Fighting
 14356 | D:10     | Reached XP level 11. HP: 61/99 MP: 16/16
 14429 | D:10     | Noticed a two-headed ogre
 14442 | D:10     | Killed a two-headed ogre
 14899 | D:10     | Found a staircase to the Lair.
 15484 | D:11     | Noticed a two-headed ogre
 15487 | D:11     | Killed a two-headed ogre
 15834 | D:11     | Noticed a two-headed ogre
 15837 | D:11     | Killed a two-headed ogre
 15878 | D:11     | Reached ****** piety under Lugonu
 16524 | D:12     | Reached skill level 5 in Shields
 16530 | D:12     | Noticed a boulder beetle
 16558 | D:12     | Killed a boulder beetle
 16559 | D:12     | Reached skill level 12 in Fighting
 16625 | D:12     | Noticed a cyan ugly thing
 16687 | D:13     | Reached skill level 10 in Maces & Flails
 16700 | D:13     | Found a gate to the Vaults.
 16700 | D:13     | Noticed a two-headed ogre
 16705 | D:13     | Killed a two-headed ogre
 16898 | D:12     | Noticed a deep elf pyromancer
 16900 | D:12     | Noticed a brown ugly thing
 16904 | D:12     | Killed a deep elf pyromancer
 16905 | D:12     | Reached XP level 12. HP: 106/109 MP: 17/17
 16913 | D:12     | Noticed a five-headed hydra
 16918 | D:12     | Killed a five-headed hydra
 18621 | Lair:1   | Entered Level 1 of the Lair of Beasts
 19269 | Lair:1   | Reached skill level 13 in Fighting
 20207 | Lair:2   | Noticed Prince Ribbit
 20218 | Lair:1   | Killed Prince Ribbit
 20614 | Lair:2   | Noticed a five-headed hydra
 20626 | Lair:2   | Killed a three-headed hydra
 20872 | Lair:2   | Found a runed translucent gate.
 20873 | Lair:2   | Found a runed translucent gate.
 20874 | Lair:2   | Found a runed translucent gate.
 20874 | Lair:2   | Noticed Destapler's ghost (journeyman PaBe)
 20875 | Lair:2   | Noticed a 13-headed hydra
 20876 | Lair:2   | Noticed a nine-headed hydra
 20991 | Lair:2   | Noticed an eight-headed hydra
 20998 | Lair:2   | Killed a four-headed hydra
 20999 | Lair:2   | Reached XP level 13. HP: 94/118 MP: 18/18
 22517 | Lair:2   | Reached skill level 14 in Fighting
 23660 | Lair:4   | Found a hole to the Spider Nest.
 24001 | Lair:4   | Found a staircase to the Shoals.
 25850 | Lair:6   | Entered Level 6 of the Lair of Beasts
 25872 | Lair:6   | Reached XP level 14. HP: 68/129 MP: 20/20
 26218 | Lair:5   | You fall into a shaft and drop 1 floor!
 26218 | Lair:6   | Noticed knorpule3000's ghost (journeyman TeWn)
 26218 | Lair:6   | Found a runed translucent door.
 26338 | Lair:6   | Found a glowing golden altar of the Shining One.
 26384 | Lair:6   | Reached skill level 15 in Fighting
 26699 | Lair:6   | Reached skill level 10 in Invocations
 27156 | Lair:6   | Reached skill level 5 in Armour
 27271 | Lair:6   | Found a burning altar of Makhleb.
 27297 | Lair:6   | Reached skill level 5 in Dodging
 28221 | Lair:6   | Found a gateway to Hell.
 28229 | Lair:6   | Got the Tome of Evil
 28566 | Orc:1    | Entered Level 1 of the Orcish Mines
 28566 | Orc:1    | Found a transporter.
 28594 | Orc:1    | Reached skill level 1 in Polearms
 28925 | Orc:1    | Found a bloodstained altar of Trog.
 28925 | Orc:1    | Noticed sand's ghost (journeyman HOFi)
 28928 | Orc:1    | Found a transporter.
 29950 | Orc:2    | Entered Level 2 of the Orcish Mines
 29987 | Orc:2    | Found a staircase to the Elven Halls.
 29996 | Orc:2    | Found a dark tunnel.
 30009 | Volcano  | Entered a volcano
 30978 | Orc:2    | Found Jueqim's Firing Range.
 30981 | Orc:2    | Bought a throwing net for 45 gold pieces
 31054 | Orc:2    | Found Riblug's Book Emporium.
 31054 | Orc:2    | Found Ifypnepp's Assorted Antiques.
 31058 | Orc:2    | Reached XP level 15. HP: 129/139 MP: 22/22
 31062 | Orc:2    | Found Ruvvepp's Magic Scroll Emporium.
 31062 | Orc:2    | Found Cuggoot's Armour Shoppe.
 31098 | Orc:2    | Bought a potion of curing for 102 gold pieces
 31098 | Orc:2    | Bought a scroll labelled IVIUTI GUOKK for 34 gold pieces
 31100 | Orc:2    | Bought a scroll of teleportation for 33 gold pieces
 31100 | Orc:2    | Bought a scroll of enchant weapon for 82 gold pieces
 31100 | Orc:2    | Bought a scroll of fear for 38 gold pieces
 31100 | Orc:2    | Acquired 1252 gold pieces
 31671 | Orc:1    | Killed sand's ghost
 32296 | D:13     | Reached skill level 16 in Fighting
 33670 | D:14     | You fall into a shaft and drop 1 floor!
 33670 | D:15     | Entered Level 15 of the Dungeon
 34558 | Abyss:1  | Noticed a tentacled starspawn
 34572 | Abyss:1  | Killed a tentacled starspawn
 34677 | Abyss:1  | Noticed a tentacled starspawn
 34678 | Abyss:1  | Noticed a tentacled starspawn
 34738 | Abyss:1  | Noticed an ancient lich
 34740 | D:15     | Escaped the Abyss
 36589 | Lair:2   | Killed Destapler's ghost
 36605 | Lair:2   | Identified the +0 scimitar "Aubergine" {pain, *Noise Int+7}
 37248 | Lair:5   | Found a staircase to the Slime Pits.
 37731 | Lair:5   | Reached skill level 10 in Axes
 38037 | Lair:6   | Killed knorpule3000's ghost
 38364 | Hell     | Entered the Vestibule of Hell
 38364 | Hell     | Noticed Geryon
 38691 | D:2      | Bought a +2 hat of willpower for 210 gold pieces
 38854 | Orc:2    | Bought the +0 pair of gloves of the Cricket {Will+ Regen+
                  | MP+9 Int-3} for 415 gold pieces
 38902 | Elf:1    | Entered Level 1 of the Elven Halls
 38926 | Elf:1    | Reached skill level 17 in Fighting
 38990 | Elf:1    | Learned a level 4 spell: Airstrike
 39033 | Elf:1    | Noticed a deep elf sorcerer
 39044 | Elf:1    | HP: 4/143 [deep elf knight/shard of ice[a deep elf high
                  | priest] (48)]
 39047 | Elf:1    | Slain by a deep elf sorcerer

Illustrated notes

Levels and vault maps discovered:
D:1:      dpeg_cavernosity, layout_basic
D:2:      layout_basic, basic_ecumenical_altar, serial_shops,
          nicolae_shop_statue_plus, nicolae_square_shop, nicolae_lakefront_shop,
          nicolae_shop_stone, minmay_increasing_density, uniq_robin,
          uniq_terence
D:3:      layout_basic, lemuel_coloured_pillars_altar, minivault_23
D:4:      layout_cave_pools, mainiacjoe_overflow_paths,
          mainiacjoe_overflow_catwalk, uniq_pikel, uniq_duvessa, uniq_sigmund
D:5:      layout_loops_ring, serial_bayou_pond_c
D:6:      black_bear_nest_1, layout_cave_pools, lightli_sewer_entry_pipes,
          serial_gnoll_camp, gnoll_camp_mini_shop, gnoll_camp_medium_01,
          gnoll_camp_huts_basic, gnoll_camp_medium_02,
          minmay_unpleasant_kobolds, uniq_edmund
D:7:      layout_gridville, nicolae_sif_muna_condensation,
          mainiacjoe_overflow_swirl, lemuel_tele_altar,
          minmay_temple_entry_arrows
D:8:      layout_rooms, nicolae_uskayaw_murder_on_the_dancefloor,
          elyvilon_altar_5
D:9:      gammafunk_indiana_jones, layout_loops_corners,
          grunt_temple_overflow_forces_of_nature, orc_david_3, nzn_life_drinkers
D:10:     layout_loops_cross, due_lair_maze_entry_diamond
D:11:     layout_gridville
D:12:     layout_loops_ring
D:13:     layout_loops_ring, david_vaults_1
D:14:     layout_basic, skrybe_limestone_x, minmay_the_grid_2x2
          [minmay_the_grid_rooms, minmay_the_grid_outer_circle,
          minmay_the_grid_broken_lines, minmay_the_grid_prize_big_room]
D:15:     grunt_enter_depths_magical_seal, layout_loops_cross,
          serial_bayou_pond_a
Lair:1:   layout_small_grid, beast_lair_carwin_11
Lair:2:   layout_cave_pods, gammafunk_ghost_hydra_chop,
          chequers_serial_rivers_micro_a, grunt_megastairs_2,
          serial_bayou_shore_b, uniq_prince_ribbit2
Lair:3:   layout_hall_layers, lemuel_old_faithful
Lair:4:   layout_cave_shapes, minmay_shoals_entry_centaurs,
          spider_nest_entry_funnel_web, chequers_serial_rivers_micro_b,
          minivault_24, serial_bayou_ford_a
Lair:5:   layout_regular_city, minmay_slime_entry_oklob_open,
          infiniplex_staircase_pool_2
Lair:6:   evil_forest, layout_hall_layers, basic_altar,
          hellmonk_ghost_happy_afterlife
Orc:1:    layout_caves, gammafunk_ghost_wrathful_warriors
Orc:2:    st_orc_mages, layout_diamond_mine, nicolae_volcano_entry_hallway,
          nicolae_shop_firing_range
Elf:1:    cheibrodos_elf_bladeworks, layout_rooms, serial_glass,
          glass_columns_a, glass_columns_a, due_unseen_surprise,
          evilmike_minifort, uniq_donald
Hell

Skill      XL: |  1  2  3  4  5  6  7  8  9 10 11 12 13 14 15 |
---------------+----------------------------------------------+-----
Dodging        | 1 3 5 |  5.1
Axes           | 3 4 5 6 7 10 | 10.2
Fighting       | 4 5 7 8 9 11 12 13 14 15 17 | 17.0
Invocations    | 3 4 5 6 7 9 10 | 10.3
Maces & Flails | 3 6 8 10 11 | 11.4
Shields        | 3 5 8 9 |  9.2
Armour         | 3 5 |  5.3
Polearms       | 3 |  3.9
Spellcasting   | |  0.2
Air Magic      | |  0.2

Action                   |  1- 3 |  4- 6 |  7- 9 | 10-12 | 13-15 || total
-------------------------+-------+-------+-------+-------+-------++-------
Melee: Hand axe          |   114 |   205 |    50 |    10 |       ||   379
       Tailslap          |    12 |    21 |    56 |    65 |   200 ||   354
       Whip              |       |       |   380 |   465 |   725 ||  1570
       Demon trident     |       |       |       |       |   166 ||   166
       Broad axe         |       |       |       |       |   357 ||   357
Throw: Dart              |       |     8 |    14 |     1 |       ||    23
       Throwing net      |       |       |       |       |     6 ||     6
Invok: Depart the Abyss  |     1 |       |       |       |     1 ||     2
       Bend Space        |       |       |     1 |       |       ||     1
       Banish            |       |       |     3 |     3 |     4 ||    10
       Enter the Abyss   |       |       |       |       |     1 ||     1
 Abil: Rolling Charge    |     9 |     2 |     9 |    44 |     3 ||    67
Evoke: Wand              |       |       |    16 |     5 |    49 ||    70
  Use: Scroll            |     4 |     9 |     8 |    12 |    23 ||    56
       Potion            |       |     4 |    11 |     4 |    13 ||    32
 Stab: Paralysed         |       |       |       |       |     6 ||     6
       Distracted        |       |       |       |       |     1 ||     1
       Held in net/web   |       |       |       |       |     1 ||     1
Armor: Leather armour    |    52 |    68 |     2 |   169 |   322 ||   613
       Skin              |       |    10 |    21 |       |       ||    31
       Robe              |       |       |   196 |     4 |       ||   200
       Acid dragon scale |       |       |       |       |    11 ||    11
Dodge: Dodged            |    69 |   125 |   208 |   102 |   267 ||   771
Block: Kite shield       |       |       |       |   135 |   422 ||   557
       Buckler           |       |       |       |       |    18 ||    18
